 Dungeon Sprint DCSS version 0.20-a0-785-g17250f0 (webtiles) character file.

502 esc the Fighter (level 10, -3/72 HPs)
             Began as a Gargoyle Gladiator on Feb 27, 2017.
             Was a High Priest of Wu Jian.
             Slain by a black mamba (5 damage)
             ... in the Dungeon (Sprint VI: "Thunderdome").
             The game lasted 00:10:33 (922 turns).

esc the Fighter (Gargoyle Gladiator)                 Turns: 922, Time: 00:10:34

Health: -3/72      AC: 24    Str: 20    XL:     10   Next: 36%
Magic:  10/10      EV: 10    Int: 13    God:    Wu Jian [*****.]
Gold:   419        SH:  0    Dex: 11    Spells: 9/9 levels left

rFire    + + .     SeeInvis +   a - +0 quarterstaff
rCold    + + .     Gourm    .   e - +0 plate armour
rNeg     + + .     Faith    .   (shield currently unavailable)
rPois    ∞         Spirit   .   c - +0 helmet
rElec    +         Reflect  .   (no cloak)
rCorr    +         Harm     .   (no gloves)
MR       .....     NoTele   +   (no boots)
Stlth    ..........             p - amulet "Xesiam" {+Rage MR- Int+3}
Regen    0.3/turn               r - ring "Omywoefi" {rCorr rC+}
MPRegen  0.2/turn               q - ring of Kirylale {rF++ rC+ rN+ SInv}

@: exhausted, slowed, very slow
A: negative energy resistance 1, electricity resistance, unbreathing,
petrification resistance, rot immunity, AC +7
}: 1/15 runes: decaying
a: Serpent's Lash, Heaven On Earth, Renounce Religion, Evoke Berserk Rage


You were in the Dungeon.
You worshipped Wu Jian.
Wu Jian was extremely pleased with you.
You were not hungry.

You visited 1 branch You collected 830 gold pieces.
You spent 411 gold pieces at shops.

Inventory:

Hand Weapons
 a - a +0 quarterstaff (weapon)
Missiles
 d - 3 throwing nets {=f, !d}
Armour
 c - a +0 helmet (worn)
 e - a +0 plate armour (worn)
   (You bought it in a shop in the Dungeon)
Jewellery
 g - an uncursed amulet of magic regeneration
   (You found it in the Dungeon)
 p - the amulet "Xesiam" (around neck) {+Rage MR- Int+3}
   (You bought it in a shop in the Dungeon)

   [amulet of rage]

   It affects your intelligence (+3).
   It affects your resistance to hostile enchantments.
   It lets you go berserk.
 q - the ring of Kirylale (left hand) {rF++ rC+ rN+ SInv}
   (You bought it in a shop in the Dungeon)

   [ring of protection from cold]

   It greatly protects you from fire.
   It protects you from cold.
   It protects you from negative energy.
   It lets you see invisible.
 r - the ring "Omywoefi" (right hand) {rCorr rC+}
   (You bought it in a shop in the Dungeon)

   [ring of resist corrosion]

   It protects you from cold.
Wands
 l - a wand of acid (0/15)
   (You found it in the Dungeon)
 m - a wand of iceblast (4/15)
   (You found it in the Dungeon)
Scrolls
 k - 4 scrolls of blinking {!r}
 n - 3 scrolls of fog
Potions
 h - 4 potions of haste
 i - 2 potions of magic
 o - a potion of resistance


   Skills:
 + Level 12.6 Fighting
 + Level 11.9 Staves
 - Level 1.7 Throwing
 + Level 12.3 Armour
 - Level 9.2 Dodging


You had 9 spell levels left.
You didn't know any spells.

Dungeon Overview and Level Annotations

Branches:
Dungeon (1/1)

Altars:
Cheibriados
Dithmenos
Fedhas
Gozag
Kikubaaqudgha
Makhleb
Okawaru
Qazlal
Ru
Sif Muna
Trog
Uskayaw
Vehumet
Wu Jian
Xom
Yredelemnul
Zin
The Shining One
Beogh
Jiyva
Lugonu

Shops:
D *[%??*?*:[((!!!!


Innate Abilities, Weirdness & Mutations

You are resistant to torment.
Your stone body is resilient. (AC +7)
You are immune to poison.
You resist negative energy. (rN+)
You are resistant to electric shocks. (rElec)
You can survive without breathing.
You are immune to petrification.
You are immune to rotting.


Message History

You struggle to resist.
The bog body gestures at you while chanting.
You feel as though you will be slow longer.
You spin and attack the bog body.
You barely miss the bog body.
The bog body hits you but does no damage.
The bog body barely misses you.
You spin and attack the bog body.
You hit the bog body. The bog body barely misses you.
The bog body touches you but does no damage.
The bog body points at you and mumbles some strange words.
You feel as though you will be slow longer.
Things that are here:
a robe; an enchanted scimitar You attack the bog body from above.
You sock the bog body!
The bog body hits you but does no damage.
The bog body touches you. The bog body freezes you. You resist.
You take 5 damage, and have 27/72 hp.
You spin and attack the bog body.
You hit the bog body.
The bog body gestures at you while chanting.
The bolt of cold hits you!
The bog body gestures at you while chanting.
The bolt of cold hits you! You resist.
* * * LOW HITPOINT WARNING * * *
You take 6 damage, and have 21/72 hp.
You spin and attack the bog body.
You barely miss the bog body. The bog body misses you.
The bog body touches you but does no damage.
Things that are here:
a robe; an enchanted scimitar You attack the bog body from above.
You hit the bog body but do no damage.
The bog body is distracted by your jump.
You spin and attack the bog body.
You hit the bog body.
You feel less exhausted. The bog body hits you!
* * * LOW HITPOINT WARNING * * *
The bog body touches you but does no damage.
You take 9 damage, and have 13/72 hp.
Okay, then.
You spin and attack the bog body.
You closely miss the bog body.
The bog body hits you but does no damage.
The bog body touches you but does no damage.
The bog body casts a spell at you. The bolt of cold hits you! You resist.
* * * LOW HITPOINT WARNING * * *
Things that are here:
a robe; an enchanted scimitar You take 3 damage, and have 10/72 hp.
Aim: a bog body (heavily damaged)
The bolt of acid hits the bog body.
The bog body is splashed with acid.
You destroy the bog body!
The Council accepts your kill.
Victory!
Score multiplier: 4x You now have 502 arena points (gained 216).
This wand has 1 charge left.
Unknown command.
You now have 419 gold pieces (gained 240).
You start resting.
You are feeling hungry.
You regained 2 hp, and now have 13/72 hp.
You eat the bread ration {@e1}.
That bread ration really hit the spot!
You start resting.
Get ready!
You regained 4 hp, and now have 17/72 hp.
You start resting.
ROUND 7!
FIGHT!
You sense a tension in the north.
You start resting.
A black mamba comes into view.
You lunge at the black mamba.
You closely miss the black mamba.
The black mamba bites you but does no damage. x2
You spin and attack the black mamba.
Your plate armour prevents you from hitting the black mamba.
The black mamba bites you!
* * * LOW HITPOINT WARNING * * *
The black mamba bites you but does no damage.
The black mamba closely misses you.
You take 7 damage, and have 12/72 hp.
Okay, then.
You fail to use your ability.
The black mamba completely misses you. The black mamba bites you!
* * * LOW HITPOINT WARNING * * *
The black mamba bites you.
* * * LOW HITPOINT WARNING * * *
You take 11 damage, and have 1/72 hp.
Your muscles tense, ready for explosive movement...
You spin and attack the black mamba with incredible momentum!
You miss the black mamba.
Zoom!
You spin and attack the black mamba with incredible momentum!
You thump the black mamba!
ZOOOM!
The black mamba barely misses you.
Okay, then.
Okay, then.
Aim: a black mamba (moderately wounded)
The bolt of acid hits the black mamba.
The black mamba is splashed with acid.
The acid corrodes the black mamba!
This wand has 0 charges left.
The black mamba barely misses you.
The black mamba bites you but does no damage.
The black mamba bites you.
You die...

#.....# ##.....## ##∩.....∩##
#∩.......∩# #_......._#
#_......._# #_......._#
###§.§......###
#⌠.§@...[....⌠#
######.8§S§[.....8.######
##∩___..†.§.###......_..∩##
###∩......††8.# #.8........∩#
##.............###............
#⌠..........###...###.........
#⌠..........# #.<.# #...[.....
#⌠..........###...###.........
##.............###............


You could see a black mamba.

Vanquished Creatures
  A wizard (D)
  2 jumping spiders (D)
  3 bog bodies (D)
  Sigmund (D)
  2 water moccasins (D)
  4 necrophages (D)
  4 scorpions (D)
  2 wights (D)
  Terence (D)
  2 adders (D)
  An adder zombie (D)
  A dart slug (D)
  A leopard gecko (D)
  A bat zombie (D)
  2 ball pythons (D)
  A jackal skeleton (D)
  A leopard gecko skeleton (D)
  A rat (D)
31 creatures vanquished.

Vanquished Creatures (others)
  A necrophage (D)
1 creature vanquished.

Grand Total: 32 creatures vanquished

Notes
Turn   | Place    | Note
-------+----------+-------------------------------------------
     0 | D        | esc the Gargoyle Gladiator began the quest for the Orb.
     0 | D        | Reached XP level 1. HP: 12/12 MP: 1/1
     1 | D        | Found a shadowy altar of Dithmenos.
     1 | D        | Found a stormy altar of Qazlal.
     2 | D        | Found a hide-covered altar of Uskayaw.
     2 | D        | Found an ornate altar of the Wu Jian Council.
     3 | D        | Found a viscous altar of Jiyva.
     3 | D        | Found a snail-covered altar of Cheibriados.
     4 | D        | Found Vapuiske's Bee Food.
     4 | D        | Found a corrupted altar of Lugonu.
     4 | D        | Found an ancient bone altar of Kikubaaqudgha.
     4 | D        | Found Habruxko's Identification Station.
     5 | D        | Found Heusmoug's Jewellery.
     5 | D        | Found Jiro's Advanced Armour.
     5 | D        | Round 1.
    16 | D        | Reached skill level 1 in Armour
    19 | D        | Bought a transparent jade amulet for 45 gold pieces
    19 | D        | Bought a fine bronze ring for 45 gold pieces
    19 | D        | Bought a translucent pewter ring for 45 gold pieces
    19 | D        | Identified the amulet "Xesiam" {+Rage MR- Int+3} (You bought it in a shop in the Dungeon)
    20 | D        | Identified the ring of Kirylale {rF++ rC+ rN+ SInv} (You bought it in a shop in the Dungeon)
    21 | D        | Identified the ring "Omywoefi" {rCorr rC+} (You bought it in a shop in the Dungeon)
    25 | D        | Noticed Sigmund
    27 | D        | Found a glowing golden altar of the Shining One.
    28 | D        | Found a bloodstained altar of Trog.
    29 | D        | Found a sacrificial altar of Ru.
    30 | D        | Found a radiant altar of Vehumet.
    30 | D        | Found an opulent altar of Gozag.
    30 | D        | Found a basalt altar of Yredelemnul.
    30 | D        | Found Viosypot's Premium Goods.
    30 | D        | Found Jiefuaw's Weapon Rack.
    31 | D        | Found Sygiaz's Miscellaneous Merchandise.
    31 | D        | Found Cylikuorchy's Basic Armour.
    34 | D        | Found a burning altar of Makhleb.
    35 | D        | Found a deep blue altar of Sif Muna.
    37 | D        | Found Ifajeg's Do-It-Yourself Clinic.
    37 | D        | Found a blossoming altar of Fedhas.
    37 | D        | Found Namek's Distillery.
    38 | D        | Found Nomnorank's Bottled Wisdom.
    38 | D        | Found Zemopihi's Distillery.
    41 | D        | Found a shimmering altar of Xom.
    42 | D        | Found a roughly hewn altar of Beogh.
    43 | D        | Found a glowing silver altar of Zin.
    44 | D        | Found an iron altar of Okawaru.
    44 | D        | Found Lobu's Staff Store.
    44 | D        | Found Geuwk's Magic Scroll Shop.
    45 | D        | Found Wufadil's Must-Have Magic.
    45 | D        | Found Tedaj's Magic Scroll Shop.
    48 | D        | Noticed Terence
    52 | D        | Became a worshipper of the Wu Jian Council
    55 | D        | Killed Terence
    55 | D        | Reached skill level 3 in Fighting
    55 | D        | Reached skill level 4 in Staves
    55 | D        | Reached skill level 2 in Armour
    55 | D        | Reached skill level 3 in Dodging
    55 | D        | Reached XP level 2. HP: 19/20 MP: 2/2
    55 | D        | Reached XP level 3. HP: 23/24 MP: 3/3
    56 | D        | Reached skill level 3 in Armour
    57 | D        | Reached * piety under Wu Jian
    70 | D        | Killed Sigmund
    70 | D        | Arena points: 12 (+12) [x2]
    70 | D        | Reached skill level 6 in Fighting
    70 | D        | Reached skill level 6 in Staves
    70 | D        | Reached skill level 5 in Armour
    70 | D        | Reached skill level 5 in Dodging
    70 | D        | Reached XP level 4. HP: 16/32 MP: 4/4
    70 | D        | Reached XP level 5. HP: 18/36 MP: 5/5
   103 | D        | Round 2.
   116 | D        | Reached ** piety under Wu Jian
   122 | D        | Noticed a water moccasin
   137 | D        | Noticed a water moccasin
   138 | D        | Killed a water moccasin
   138 | D        | Reached skill level 7 in Fighting
   138 | D        | Reached skill level 7 in Staves
   138 | D        | Reached skill level 6 in Armour
   138 | D        | Reached XP level 6. HP: 15/44 MP: 6/6
   152 | D        | HP: 10/44 [water moccasin (2)]
   155 | D        | Killed a water moccasin
   155 | D        | Reached skill level 8 in Fighting
   155 | D        | Reached skill level 7 in Armour
   155 | D        | Reached skill level 6 in Dodging
   174 | D        | Reached *** piety under Wu Jian
   174 | D        | Arena points: 54 (+42) [x3]
   227 | D        | Round 3.
   236 | D        | HP: 11/44 [wight/enchanted scimitar (11)]
   239 | D        | Reached XP level 7. HP: 37/49 MP: 7/7
   258 | D        | Reached skill level 8 in Staves
   267 | D        | Reached **** piety under Wu Jian
   381 | D        | Arena points: 138 (+84) [x4]
   407 | D        | Round 4.
   438 | D        | Reached skill level 8 in Armour
   450 | D        | Noticed a jumping spider
   457 | D        | Reached skill level 7 in Dodging
   460 | D        | Reached ***** piety under Wu Jian
   460 | D        | Reached skill level 9 in Fighting
   463 | D        | HP: 8/51 [jumping spider (8)]
   463 | D        | HP: 2/51 [jumping spider (6)]
   482 | D        | Killed a jumping spider
   482 | D        | Reached skill level 9 in Staves
   482 | D        | Reached skill level 9 in Armour
   482 | D        | Reached XP level 8. HP: 38/57 MP: 8/8
   511 | D        | Noticed a jumping spider
   513 | D        | Noticed a tarantella
   526 | D        | Killed a jumping spider
   526 | D        | Reached skill level 10 in Fighting
   542 | D        | Arena points: 166 (+28) [x1]
   557 | D        | Round 5.
   569 | D        | Noticed a witch
   574 | D        | Noticed a four-headed hydra
   582 | D        | Noticed a spriggan rider
   588 | D        | Killed a witch
   588 | D        | Arena points: 286 (+120) [x3]
   588 | D        | Reached skill level 11 in Fighting
   588 | D        | Reached skill level 10 in Staves
   588 | D        | Reached skill level 10 in Armour
   588 | D        | Reached skill level 8 in Dodging
   588 | D        | Reached XP level 9. HP: 23/64 MP: 9/9
   589 | D        | Got a decaying rune of Zot
   594 | D        | Reached skill level 11 in Staves
   594 | D        | Reached skill level 11 in Armour
   594 | D        | Reached skill level 9 in Dodging
   594 | D        | Reached XP level 10. HP: 26/70 MP: 10/10
   616 | D        | Bought a +0 plate armour for 276 gold pieces
   781 | D        | Round 6.
   855 | D        | Reached skill level 12 in Fighting
   861 | D        | Reached ****** piety under Wu Jian
   861 | D        | Reached skill level 12 in Armour
   887 | D        | HP: 13/72 [bog body (9)]
   889 | D        | Arena points: 502 (+216) [x4]
   912 | D        | Round 7.
   915 | D        | Noticed a black mamba
   919 | D        | HP: 12/72 [black mamba (8)]
   920 | D        | HP: 5/72 [black mamba (7)]
   920 | D        | HP: 1/72 [black mamba (4)]
   922 | D        | Slain by a black mamba

Vault maps used:
D:        arena_sprint

Skill      XL: |  1  2  3  4  5  6  7  8  9 10 |
---------------+-------------------------------+-----
Armour         | 2 5 6 7 9 10 11 12 | 12.3
Fighting       | 3 6 7 8 9 11 12 | 12.6
Staves         | 4 6 7 9 10 11 | 11.9
Dodging        | 3 5 6 7 8 9 |  9.2
Throwing       | |  1.7

Action                   |  1- 3 |  4- 6 |  7- 9 | 10-12 || total
-------------------------+-------+-------+-------+-------++-------
Melee: Quarterstaff      |    16 |    38 |    85 |    60 ||   199
Invok: Serpent's Lash    |       |       |       |     2 ||     2
Evoke: Wand              |       |     1 |     2 |     3 ||     6
  Use: Potion            |     2 |     1 |     4 |       ||     7
 Stab: Confused          |       |       |     3 |       ||     3
  Eat: Bread ration      |       |       |       |     1 ||     1
Armor: Leather armour    |       |    13 |    14 |       ||    27
       Plate armour      |       |       |       |    36 ||    36
Dodge: Dodged            |    10 |    21 |    43 |    29 ||   103

Vault maps used:
D:        arena_sprint

Table legend:
 A = Turns spent in this place as a percentage of turns spent in the entire game.
 B = Non-inter-level travel turns spent in this place as a percentage of non-inter-level travel turns spent in the entire game.
 C = Inter-level travel turns spent in this place as a percentage of turns spent in this place.
 D = Turns resting spent in this place as a percentage of non-inter-level travel turns spent in this place.
 E = Turns spent auto-exploring this place as a percentage of non-inter-level travel turns spent in this place.
 F = Non-inter-level travel turns spent in this place divided by the number of levels of this place that you've seen.
                   A       B       C       D       E      F
               +-------+-------+-------+-------+-------+----------------------
         Total | 100.0 | 100.0 |   0.0 |   4.4 |   0.0 | 687.0
       Dungeon | 100.0 | 100.0 |   0.0 |   4.4 |   0.0 | 687.0
               +-------+-------+-------+-------+-------+----------------------

Table legend:
 A = Kills in this place as a percentage of kills in entire the game.
 B = Kills by you in this place as a percentage of kills by you in the entire game.
 C = Kills by friends in this place as a percentage of kills by friends in the entire game.
 D = Other kills in this place as a percentage of other kills in the entire game.
 E = Experience gained in this place as a percentage of experience gained in the entire game.
 F = Experience gained in this place divided by the number of levels of this place that you have seen.
                   A       B       C       D       E      F
               +-------+-------+-------+-------+-------+----------------------
         Total | 100.0 | 100.0 |  -nan | 100.0 | 100.0 | 3833.0
       Dungeon | 100.0 | 100.0 |  -nan | 100.0 | 100.0 | 3833.0
               +-------+-------+-------+-------+-------+----------------------
